 Dungeon Crawl Stone Soup version 0.30-a0-867-g305f33218d (webtiles) character file.

Game seed: 17274083655535044877

64 cforsyth the Magician (level 3, 0/19 HPs)
             Began as a Deep Elf Earth Elementalist on Mar 10, 2023.
             Killed by divine providence
             ... invoked by an orc priest
              (14 damage)
             ... on level 3 of the Dungeon.
             The game lasted 00:01:33 (2065 turns).

cforsyth the Magician (Deep Elf Earth Elementalist) Turns: 2065, Time: 00:01:34

Health: 0/19       AC:  2    Str:  5    XL:     3   Next: 91%
Magic:  5/11       EV: 12    Int: 21    God:
Gold:   169        SH:  0    Dex: 15    Spells: 10/11 levels left

rFire   . . .      SeeInvis .    (no weapon)
rCold   . . .      Faith    .    (no shield)
rNeg    . . .      Spirit   .    a - +0 robe
rPois   .          Reflect  .    (no helmet)
rElec   .          Rampage  .    (no cloak)
rCorr   .                        (no gloves)
Will    .....                    (no boots)
Stlth   +                        (no amulet)
HPRegen 0.23/turn                (no ring)
MPRegen 0.12/turn                (no ring)

@: confused
A: no striking features
a: no special abilities


You were on level 3 of the Dungeon.
You visited 1 branch of the dungeon, and saw 3 of its levels.

You collected 169 gold pieces.

Inventory:

Armour
 a - a +0 robe (worn)
Jewellery
 g - a ring of positive energy
Scrolls
 e - 5 scrolls of poison {unknown}
Potions
 b - a potion of magic
 c - 2 potions of curing {unknown}
 d - a potion of degeneration {unknown}
 f - a potion of attraction {unknown}


   Skills:
 - Level 2.4 Dodging
 - Level 2.4 Stealth
 + Level 4.6 Spellcasting
 - Level 1.1 Transmutations
 + Level 4.4 Earth Magic


You had 10 spell levels left.
You knew the following spells:

 Your Spells              Type           Power      Damage    Failure   Level
a - Sandblast             Erth           46%        2d11      1%          1

Your spell library contained the following spells:

 Spells                   Type           Power      Damage    Failure   Level
 Passwall                 Tmut/Erth      13%        N/A       5%          2
 Magic Dart               Conj           16%        1d3       12%         1
 Stone Arrow              Conj/Erth      28%        3d8       14%         3
 Blink                    Tloc           8%         N/A       17%         2
 Call Imp                 Summ           4%         N/A       17%         2
 Lesser Beckoning         Tloc           8%         N/A       17%         2
 Momentum Strike          Conj/Tloc      8%         3d8       17%         2
 Mephitic Cloud           Conj/Pois/Air  4%         N/A       34%         3
 Petrify                  Tmut/Erth      16%        N/A       34%         4


Dungeon Overview and Level Annotations

Branches:
Dungeon (3/15)

Altars:

Shops:
D:2 :


Message History

You kill the hobgoblin!
The blast of sand hits the goblin!
You kill the goblin!
You can't see any susceptible monsters within range! (Use Z to cast anyway.)
You can't see any susceptible monsters within range! (Use Z to cast anyway.)
You can't see any susceptible monsters within range! (Use Z to cast anyway.)
An orc comes into view. It is wielding a +0 hand axe.
An orc is nearby!
An orc is nearby!
An orc is nearby!
An orc is nearby!
An orc is nearby!
An orc is nearby!
An orc is nearby!
An orc wizard comes into view. It is wielding a +0 dagger.
The blast of sand hits the orc but does no damage.
The orc wizard shouts!
An orc comes into view. It is wielding a +0 dagger.
The orc hits you with a +0 hand axe.
The blast of sand hits the orc.
The orc is heavily wounded.
The orc shouts!
The blast of sand hits the orc but does no damage.
The orc is heavily wounded.
An orc priest comes into view. It is wielding a +0 dagger.
The orc barely misses you. The orc hits you with a +0 hand axe.
An orc comes into view. It is wielding a +0 hand axe.
The orc wizard points at you and mumbles some strange words.
You are confused.
There are monsters nearby!
There are monsters nearby!
Unknown command.
You barely miss the orc.
The orc is heavily wounded.
The orc priest shouts!
The orc shouts!
The orc hits you with a +0 hand axe.
The orc priest invokes the aid of Beogh against you.
Beogh smites you!
Ouch! That really hurt!
You die...

#. .. .# #.# ....
..#####... .... .
.#...#.... ##w.w..
..##.....###o.. .# ####
......./....###.#
....###.........o..o.#
#....................#
..#.....#.......@o...#.^
.......................#
........#......<.†#.....
....)...#.......#.......
........#.......#†.!....
....<)..................
.##...###...............
##### .......###......
#.#....... ......


You could see an orc priest, an orc wizard, a dart slug and 2 orcs.

Vanquished Creatures
  2 adders (D:2)
  A worm (D:2)
  A dart slug (D:2)
  6 ball pythons
  5 endoplasms
  A giant cockroach (D:1)
  5 goblins
  2 hobgoblins
  A quokka (D:1)
  6 bats
  2 frilled lizards (D:1)
  4 kobolds
  4 rats
40 creatures vanquished.

Notes
Turn   | Place    | Note
-------+----------+-------------------------------------------
     0 | D:1      | cforsyth the Deep Elf Earth Elementalist began the quest
                  | for the Orb.
     0 | D:1      | Reached XP level 1. HP: 10/10 MP: 6/6
   274 | D:1      | Reached XP level 2. HP: 15/15 MP: 6/8
  1005 | D:2      | Reached XP level 3. HP: 19/19 MP: 7/10
  1037 | D:2      | Found Leupuo's Book Emporium.
  2065 | D:3      | Killed from afar by an orc priest

Illustrated notes

Levels and vault maps discovered:
D:1:      mainiacjoe_arrival_reflecting_pool, layout_loops_cross,
          grunt_decor_one_mirror
D:2:      layout_basic, serial_shops, shop, small_statue_intersection
D:3:      layout_rooms

Skill      XL: |  1  2 |
---------------+-------+-----
Spellcasting   | 4 |  4.6
Earth Magic    | 4 |  4.4
Dodging        | |  2.4
Stealth        | |  2.4
Transmutations | |  1.1

Action                     || total
---------------------------++-------
  Melee: Unarmed           ||     2
   Cast: Sandblast         ||    53
 Armour: Robe              ||     4
  Dodge: Dodged            ||     8

Table legend: (Time is in decaauts)
 A = Elapsed time spent in this place.
 B = Non-inter-level travel time spent in this place.
 C = Inter-level travel time spent in this place.
 D = Time resting spent in this place.
 E = Time spent auto-exploring this place.
 F = Levels seen in this place.
 G = Mean time per level.
                   A        B        C        D        E       F      G
               +--------+--------+--------+--------+--------+-----+--------+
         Total |   2090 |   2040 |     50 |      0 |   1854 |   3 |  696.7 |
       Dungeon |   2090 |   2040 |     50 |      0 |   1854 |   3 |  696.7 |
               +--------+--------+--------+--------+--------+-----+--------+

Top non-repeatable levels by time:
     D:2: 1133 daAuts
     D:1: 909 daAuts
     D:3: 48 daAuts
